 Dungeon Crawl Stone Soup version 0.30-a0-800-g7c544603b3 (webtiles) character file.

Game seed: 2235771158277206438

5 Newt the Shooter (level 1, 0/13 HPs)
             Began as a Kobold Hunter on Feb 22, 2023.
             Frozen to death by an endoplasm (3 damage)
             ... on level 1 of the Dungeon.
             The game lasted 00:00:06 (107 turns).

Newt the Shooter (Kobold Hunter)                     Turns: 107, Time: 00:00:07

Health: 0/13       AC:  3    Str:  8    XL:     1   Next: 88%
Magic:  1/1        EV: 14    Int: 10    God:
Gold:   0          SH:  0    Dex: 18    Spells: 0/0 levels left

rFire   . . .      SeeInvis .    a - +0 shortbow
rCold   . . .      Faith    .    (shield currently unavailable)
rNeg    . . .      Spirit   .    c - +0 leather armour
rPois   .          Reflect  .    (no helmet)
rElec   .          Harm     .    (no cloak)
rCorr   .          Rampage  .    (no gloves)
Will    .....                    (no boots)
Stlth   ++                       (no amulet)
HPRegen 0.22/turn                (no ring)
MPRegen 0.07/turn                (no ring)

@: very slow
A: small, no large weapons, nightstalker 3
a: no special abilities


You were on level 1 of the Dungeon.
You visited 1 branch of the dungeon, and saw 1 of its levels.

Inventory:

Hand Weapons
 a - a +0 shortbow (weapon)
Armour
 c - a +0 leather armour (worn)
Jewellery
 d - a +6 ring of intelligence
Scrolls
 b - a scroll of immolation


   Skills:
 + Level 2.8 Fighting
 - Level 5.3 Ranged Weapons
 - Level 2.4 Dodging
 - Level 1.3 Stealth


You couldn't memorise any spells.
You didn't know any spells.
Your spell library was empty.

Dungeon Overview and Level Annotations

Branches:
Dungeon (1/15)

Altars:


Innate Abilities, Weirdness & Mutations

You are small and have problems with some larger weapons.
You are completely attuned to the shadows.


Message History

The kobold hits you but does no damage.
You shoot an arrow. The arrow hits the kobold!
You kill the kobold!
You hear a splash. x2
The hobgoblin barely misses you. The endoplasm freezes you.
You are frozen.
The hobgoblin hits you. The endoplasm misses you.
You shoot an arrow. The arrow hits the endoplasm.
The endoplasm is moderately wounded.
The endoplasm hits you. The hobgoblin hits you.
You are too injured to fight recklessly!
Unknown command.
The endoplasm attacks as you move away! The endoplasm closely misses you.
You enter the shallow water.
Moving in this stuff is going to be slow.
You shoot an arrow. The arrow hits the endoplasm.
The endoplasm is severely wounded.
The hobgoblin barely misses you.
The endoplasm splashes around in the water.
You shoot an arrow. The arrow hits the hobgoblin.
The hobgoblin is heavily wounded.
The hobgoblin closely misses you. The hobgoblin hits you.
* * * LOW HITPOINT WARNING * * *
You shoot an arrow.
The arrow hits the hobgoblin but does no damage.
The hobgoblin is heavily wounded.
The hobgoblin splashes around in the water.
You shoot an arrow. The arrow hits the hobgoblin!
You kill the hobgoblin!
You hear a splash.
You shoot an arrow. The arrow hits the endoplasm.
The endoplasm is lightly wounded.
The endoplasm hits you.
* * * LOW HITPOINT WARNING * * *
You shoot an arrow. The arrow barely misses the endoplasm.
The arrow hits the endoplasm.
The endoplasm is severely wounded.
The endoplasm freezes you.
You are frozen.
You die...

....## .....# .....#
.....# .. ##########.#
.##.
#..........########)...
#.#~~~~~~~~~~~~~@JJ~~..
#.#~..8..........8..~..
#..~.##############.~..
##.~8# ....<......#8~.#
#..~.# ####''######.~..
#.#~.# §..........#.~..
..#~.# ≈≈§§§§§≈≈≈≈#
...~.# ≈≈≈≈..≈≈≈≈≈#
...~.# ...........#


You could see 2 endoplasms.

Vanquished Creatures
  A goblin (D:1)
  A hobgoblin (D:1)
  A kobold (D:1)
  2 rats (D:1)
5 creatures vanquished.

Notes
Turn   | Place    | Note
-------+----------+-------------------------------------------
     0 | D:1      | Newt the Kobold Hunter began the quest for the Orb.
     0 | D:1      | Reached XP level 1. HP: 12/12 MP: 1/1
   107 | D:1      | Frozen to death by an endoplasm

Illustrated notes

Levels and vault maps discovered:
D:1:      lightli_arrival_isolated_outpost, layout_basic, minmay_tetromino_t2

Action                     || total
---------------------------++-------
   Fire: Shortbow          ||    16
 Armour: Leather armour    ||     3
  Dodge: Dodged            ||    11

Table legend: (Time is in decaauts)
 A = Elapsed time spent in this place.
 B = Non-inter-level travel time spent in this place.
 C = Inter-level travel time spent in this place.
 D = Time resting spent in this place.
 E = Time spent auto-exploring this place.
 F = Levels seen in this place.
 G = Mean time per level.
                   A        B        C        D        E       F      G
               +--------+--------+--------+--------+--------+-----+--------+
         Total |    116 |    116 |      0 |      0 |     89 |   1 |  116.0 |
       Dungeon |    116 |    116 |      0 |      0 |     89 |   1 |  116.0 |
               +--------+--------+--------+--------+--------+-----+--------+

Top non-repeatable levels by time:
     D:1: 116 daAuts
